 Dungeon Crawl Stone Soup version 0.21.1-1-g345015f (webtiles) character file.

44335 tidbits the Martial Artist (level 14, -22/108 HPs)
             Began as a Gnoll Transmuter on Feb 15, 2018.
             Was the Champion of Cheibriados.
             Annihilated by an emperor scorpion (23 damage)
             ... on level 2 of the Spider Nest on Feb 16, 2018.
             The game lasted 01:21:14 (5757 turns).

tidbits the Martial Artist (Gnoll Transmuter)       Turns: 5757, Time: 01:21:14

Health: -22/108    AC:  7    Str: 27    XL:     14   Next: 28%
Magic:  10/28      EV: 26    Int: 35    God:    Cheibriados [******]
Gold:   484        SH:  0    Dex: 32    Spells: 5/33 levels left

rFire    . . .     SeeInvis .   b - +6 demon trident (protect)
rCold    . . .     Gourm    .   (no shield)
rNeg     . . .     Faith    .   B - +0 troll leather armour
rPois    .         Spirit   .   E - +2 helmet
rElec    .         Reflect  .   (no cloak)
rCorr    .         Harm     .   G - +0 pair of gloves
MR       +....                  (no boots)
Stlth    +++++.....             (no amulet)
HPRegen  0.68/turn              U - +1 ring of protection
MPRegen  0.21/turn              V - +2 ring of evasion

@: corroded, very slow
A: distributed training, fangs 1, strong nose
a: Bend Time, Temporal Distortion, Slouch, Step From Time, Renounce Religion


You were on level 2 of the Spider Nest.
You worshipped Cheibriados.
Cheibriados was exalted by your worship.
You were hungry.

You visited 4 branches of the dungeon, and saw 25 of its levels.
You also visited: Sewer.

You collected 1535 gold pieces.
You spent 1051 gold pieces at shops.

Inventory:

Hand Weapons
 a - a +1 dagger of venom
   (You took it off an orc wizard on level 1 of the Orcish Mines)
 b - a +6 demon trident of protection (weapon)
   (You took it off Urug on level 13 of the Dungeon)
 f - a +0 blowgun
 Q - a +0 war axe
 X - a +1 scimitar of flaming
   (You took it off an efreet on level 13 of the Dungeon)
Missiles
 g - 4 javelins
 l - a throwing net {!f}
 m - a poisoned javelin (quivered)
 w - 181 arrows
 N - 7 tomahawks
 O - 6 curare-tipped needles
Armour
 B - a +0 troll leather armour (worn)
 E - a +2 helmet (worn)
 G - a +0 pair of gloves (worn)
 R - a +2 scale mail of cold resistance
   (You took it off an orc on level 11 of the Dungeon)
Magical Staves
 v - an uncursed staff of earth {unknown}
   (You found it on level 4 of the Dungeon)
Jewellery
 U - a +1 ring of protection (left hand)
   (You found it on level 10 of the Dungeon)
 V - a +2 ring of evasion (right hand)
   (You found it on level 12 of the Dungeon)
Wands
 d - a wand of digging (6)
 j - a wand of iceblast (8)
 n - a wand of flame (21)
 K - a wand of disintegration (5)
 Z - a wand of scattershot (8)
Scrolls
 i - 2 scrolls of remove curse
 o - 6 scrolls of teleportation
 r - a scroll of magic mapping
 x - 3 scrolls of amnesia
 A - a scroll of noise
 C - 3 scrolls of enchant armour
 M - 3 scrolls of fog
 P - a scroll of torment
 S - a scroll of immolation
 W - a scroll of blinking
Potions
 h - 7 potions of flight
 k - 7 potions of might
 q - a potion of ambrosia {unknown}
 s - 2 potions of agility
 t - 2 potions of brilliance
 u - 4 potions of curing
 y - 4 potions of heal wounds
 z - a potion of cancellation {unknown}
 D - a potion of magic {unknown}
 F - 2 potions of resistance
 H - 4 potions of lignification
 J - a potion of invisibility
Comestibles
 L - 2 chunks of flesh
 T - 13 rations


   Skills:
 + Level 9.3 Fighting
 + Level 8.9 Short Blades
 + Level 8.9 Long Blades
 + Level 8.9 Axes
 + Level 8.9 Maces & Flails
 + Level 8.9 Polearms
 + Level 8.9 Staves
 + Level 8.9 Slings
 + Level 8.9 Bows
 + Level 8.9 Crossbows
 + Level 8.9 Throwing
 + Level 8.9 Armour
 + Level 10.0 Dodging
 + Level 8.9 Stealth
 + Level 8.9 Shields
 + Level 11.0 Unarmed Combat
 + Level 10.2 Spellcasting
 + Level 7.4 Conjurations
 + Level 7.4 Hexes
 + Level 7.4 Charms
 + Level 7.4 Summonings
 + Level 7.4 Necromancy
 + Level 7.4 Translocations
 + Level 8.4 Transmutations
 + Level 7.4 Fire Magic
 + Level 7.4 Ice Magic
 + Level 7.4 Air Magic
 + Level 7.4 Earth Magic
 + Level 7.4 Poison Magic
 + Level 9.7 Invocations
 + Level 8.9 Evocations


You had 5 spell levels left.
You knew the following spells:

 Your Spells              Type           Power        Failure   Level  Hunger
e - Beastly Appendage     Tmut           ######       1%          1    None
h - Blade Hands           Tmut           ######....   2%          5    ##.....
i - Ice Form              Ice/Tmut       ######..     1%          4    None
k - Sticks to Snakes      Tmut           ######..     1%          2    None
n - Animate Skeleton      Necr           N/A          1%          1    None
p - Spider Form           Tmut/Pois      ######....   1%          3    None
r - Regeneration          Chrm/Necr      ######....   1%          3    None
v - Borgnjor's Vile Clut  Necr/Erth      ######....   3%          5    ##.....
N - Animate Dead          Necr           N/A          1%          4    None


Dungeon Overview and Level Annotations

Branches:
Dungeon (14/15)            Temple (0/1) D:4            Lair (6/6) D:10
 Spider (3/4) Lair:3          Orc (2/2) D:12            Elf (0/3) Orc:2
 Vaults (0/5) D:13
  Swamp: Lair:2-4    Shoals: Lair:2-4     Slime: Lair:5-6

Altars:
Cheibriados
Okawaru
Trog

Shops:
D:8 !   D:10 }   Orc:1 (   Orc:2 *?:[

Annotations:
Spider:3 Kirke


Innate Abilities, Weirdness & Mutations

Your experience applies equally to all skills.
You have very sharp teeth.
Your uncanny sense of smell can sniff out nearby items.


Message History

The wolf spider hisses angrily.
A redback comes into view.
Evoke which item? (* to show all) (? for menu, Esc to quit)
Okay, then.
Unknown command.
You can feel time thicken for a moment.
You kill the redback!
Cheibriados thoroughly appreciates the change of pace.
You kill the redback!
Cheibriados thoroughly appreciates the change of pace.
You kill the redback!
Cheibriados thoroughly appreciates the change of pace.
You kill the redback!
Cheibriados appreciates the change of pace.
You are feeling hungry.
The zombie hands constrict the entropy weaver!
You feel sick.
The entropy weaver struggles to escape constriction.
The emperor scorpion stings you! The emperor scorpion claws you!
* * * LOW HITPOINT WARNING * * *
The emperor scorpion claws you!
* * * LOW HITPOINT WARNING * * *
The entropy weaver struggles to escape constriction. 2 redbacks come into view.
Evoke which item? (* to show all) (? for menu, Esc to quit)
Aiming: Iceblast
Press: ? - help, Shift-Dir - straight line, f - redback
Aim: a redback (clinging)
The mass of ice explodes!
The iceblast engulfs the redback.
The redback is almost dead.
The iceblast engulfs the wolf spider.
You kill the wolf spider!
Cheibriados appreciates the change of pace.
The iceblast engulfs the entropy weaver.
The entropy weaver is severely wounded.
The zombie hands constrict the entropy weaver!
You kill the entropy weaver!
Cheibriados thoroughly appreciates the change of pace.
You feel sick.
You hear an angry squeal. x2; You hear an angry hiss.
You hear an angry squeal.
You hear an angry hiss. x4
The emperor scorpion completely misses you.
The emperor scorpion misses you.
The emperor scorpion closely misses you.
A hog and Kirke come into view.
Unknown command.
Unknown command.
You feel sick.
The emperor scorpion looks more healthy.
Kirke moves out of view.
The redback misses you. The emperor scorpion stings you.
* * * LOW HITPOINT WARNING * * *
The emperor scorpion completely misses you. x2
You climb upwards.
A wolf spider and a redback come into view.
You feel very sick.
The wolf spider hisses angrily.
There is a stone staircase leading down here.
Unknown command.
Okay, then.
Unknown command.
Press: ? - help, v - describe, . - travel
Here: an emperor scorpion (moderately wounded)
The floor.
You closely miss the redback.
The wolf spider hisses angrily.
You bite the redback, but do no damage.
The redback is almost dead.
You feel sick. The redback misses you.
The jumping spider leaps!
The emperor scorpion completely misses you.
The emperor scorpion claws you but does no damage.
The emperor scorpion misses you.
A jumping spider comes into view.
Casting: Borgnjor's Vile Clutch
Confirm with . or Enter, or press ? or * to list all spells.
Aiming: Borgnjor's Vile Clutch
Press: ? - help, Dir - move target cursor, f - you Decaying hands burst forth from the earth!
Zombie hands grab the emperor scorpion.
Zombie hands grab the redback.
The jumping spider hisses angrily.
The zombie hands constrict the emperor scorpion.
The zombie hands constrict the redback.
You kill the redback!
Cheibriados appreciates the change of pace.
Your Unarmed Combat skill increases to level 11!
You feel sick.
The jumping spider leaps!
The emperor scorpion stings you!
* * * LOW HITPOINT WARNING * * *
The emperor scorpion claws you!
* * * LOW HITPOINT WARNING * * *
The emperor scorpion claws you.
* * * LOW HITPOINT WARNING * * *
The jumping spider completely misses you.
The jumping spider misses you.
Unknown command.
You feel better.
The zombie hands constrict the emperor scorpion!
The jumping spider leaps!
The jumping spider pounces on you!
* * * LOW HITPOINT WARNING * * *
The jumping spider misses you. The emperor scorpion stings you!!
You die...

$.......<.........
.##...........#.#.
.#.......†.#s...#..
#....##....#.##.....
#.#....^.......§..<..
###.#..#..#.s.s...#
##......#..#^....
##..#§..s^s.#...
#..#..s@#..#...#
#####.s..).....#
#...........#
#..#......#.#
#......#....#
##.^^..#....# #####..
...# #.. ..# ..#.##


You could see an emperor scorpion, 2 wolf spiders, an orb spider (wandering), 2
jumping spiders and a redback.

Vanquished Creatures
  A stone giant (Orc:2)
  An entropy weaver (Spider:3)
  A dire elephant (Lair:6)
  2 ettins (Orc:2)
  Josephine (D:10)
  Erica (Orc:1)
  2 hydras
  2 two-headed ogres
  2 dancing weapons (D:12)
  Urug (D:13)
  The ghost of teukkam the Fighter, a novice GnWn of Ru (D:7)
  An orc knight (Orc:1)
  An orb spider (Spider:1)
  3 oklob plants (Lair:2)
  A manticore (D:13)
  3 ugly things
  2 wolf spiders
  9 cyclopes
  2 elephants (Lair:6)
  4 black mambas
  A gargoyle (D:11)
  4 spiny frogs
  A centaur skeleton (D:14)
  3 komodo dragons
  The ghost of Andry07 the Fighter, a novice GrFi of Okawaru (D:5)
  A rime drake (Lair:5)
  An efreet (D:13)
  3 trolls
  A polar bear (Lair:3)
  A harpy skeleton (D:11)
  5 hippogriffs
  The ghost of shakethe the Chopper, an amateur GrFi (D:3)
  A tarantella (Spider:2)
  Sigmund (D:3)
  5 wraiths (D:10)
  3 wyverns (D:10)
  9 redbacks
  27 yaks
  A human (shapeshifter) (D:13)
  A basilisk (Lair:2)
  A steam dragon (D:10)
  2 hungry ghosts
  2 wargs
  2 water moccasins (Lair:4)
  A porcupine (Lair:3)
  9 orc warriors
  A swamp drake (D:12)
  An ice beast (D:10)
  A phantom (D:10)
  5 sky beasts
  2 necrophages
  26 wolves (Lair:6)
  5 ogres
  6 centaurs
  5 crocodiles
  4 big kobolds
  10 bullfrogs
  A gnoll sergeant (D:11)
  A water moccasin zombie (D:10)
  A scorpion (D:10)
  8 killer bees
  An electric eel (D:8)
  A howler monkey (D:7)
  A crimson imp (D:11)
  A centaur zombie (D:7)
  2 jellies
  A quasit (D:5)
  2 bullfrog zombies
  3 hounds
  A bullfrog skeleton (D:9)
  13 orc priests
  15 orc wizards
  6 worker ants
  7 gnolls
  9 adders
  3 shadow imps
  5 oozes
  An adder zombie (D:5)
  An adder skeleton (D:5)
  4 leopard geckos
  52 orcs
  2 ball pythons (D:3)
  2 giant cockroaches (Sewer)
  7 hobgoblins
  A jackal (D:8)
  6 quokkas
  4 bats
  4 frilled lizards
  7 goblins
  23 kobolds
  A quokka skeleton (D:9)
  A quokka zombie (D:5)
  11 rats
404 creatures vanquished.

Vanquished Creatures (collateral kills)
  Rupert (Lair:3)
  3 hippogriffs
  2 basilisks
  A hungry ghost (D:13)
  2 water moccasins (Lair:6)
  2 porcupines (Lair:2)
  7 wolves (Lair:6)
  A bullfrog (Lair:2)
  A killer bee (D:13)
  A crimson imp (D:9)
  A hound (D:10)
  A bullfrog skeleton (D:13)
  3 orc priests
  A gnoll (D:11)
  A dart slug (D:3)
  6 orcs
  A goblin (D:3)
  A kobold (D:3)
  A frilled lizard (D:2)
  2 bushes (Lair:6)
  4 fungi
  3 plants (Lair:2)
46 creatures vanquished.

Vanquished Creatures (others)
  An adder (D:6)
  An orc (D:12)
  A quokka (D:8)
  5 fungi
8 creatures vanquished.

Grand Total: 458 creatures vanquished

Notes
Turn   | Place    | Note
-------+----------+-------------------------------------------
     0 | D:1      | tidbits the Gnoll Transmuter began the quest for the Orb.
     0 | D:1      | Reached XP level 1. HP: 17/17 MP: 6/6
   193 | D:1      | Reached XP level 2. HP: 23/23 MP: 4/7
   197 | D:1      | Learned a level 2 spell: Sticks to Snakes
   280 | D:2      | Found an iron altar of Okawaru.
   281 | D:2      | Found a snail-covered altar of Cheibriados.
   319 | D:3      | Reached XP level 3. HP: 13/28 MP: 6/9
   363 | D:2      | Reached skill level 5 in Spellcasting
   434 | D:2      | Became a worshipper of Cheibriados the Contemplative
   591 | D:1      | Reached skill level 1 in Invocations
   700 | D:3      | Noticed shakethe's ghost (amateur GrFi)
   706 | D:3      | Learned a level 3 spell: Spider Form
   715 | D:3      | Killed shakethe's ghost
   715 | D:3      | Reached skill level 3 in Fighting
   715 | D:3      | Reached skill level 1 in Short Blades
   715 | D:3      | Reached skill level 1 in Long Blades
   715 | D:3      | Reached skill level 1 in Axes
   715 | D:3      | Reached skill level 1 in Maces & Flails
   715 | D:3      | Reached skill level 1 in Polearms
   715 | D:3      | Reached skill level 1 in Staves
   715 | D:3      | Reached skill level 1 in Slings
   715 | D:3      | Reached skill level 1 in Bows
   715 | D:3      | Reached skill level 1 in Crossbows
   715 | D:3      | Reached skill level 1 in Throwing
   715 | D:3      | Reached skill level 1 in Armour
   715 | D:3      | Reached skill level 1 in Stealth
   715 | D:3      | Reached skill level 1 in Shields
   715 | D:3      | Reached skill level 1 in Conjurations
   715 | D:3      | Reached skill level 1 in Hexes
   715 | D:3      | Reached skill level 1 in Charms
   715 | D:3      | Reached skill level 1 in Summonings
   715 | D:3      | Reached skill level 1 in Necromancy
   715 | D:3      | Reached skill level 1 in Translocations
   715 | D:3      | Reached skill level 4 in Transmutations
   715 | D:3      | Reached skill level 1 in Fire Magic
   715 | D:3      | Reached skill level 1 in Ice Magic
   715 | D:3      | Reached skill level 1 in Air Magic
   715 | D:3      | Reached skill level 1 in Earth Magic
   715 | D:3      | Reached skill level 1 in Poison Magic
   715 | D:3      | Reached skill level 1 in Evocations
   715 | D:3      | Reached XP level 4. HP: 35/35 MP: 4/11
   715 | D:3      | Reached XP level 5. HP: 41/41 MP: 4/12
   773 | D:3      | Found a glowing drain.
   778 | D:3      | Reached * piety under Cheibriados
   779 | D:3      | Noticed Sigmund
   785 | D:3      | Reached XP level 6. HP: 47/47 MP: 8/13
   788 | D:3      | Reached skill level 2 in Invocations
   824 | D:3      | Killed Sigmund
   824 | D:3      | Reached skill level 2 in Short Blades
   824 | D:3      | Reached skill level 2 in Long Blades
   824 | D:3      | Reached skill level 2 in Axes
   824 | D:3      | Reached skill level 2 in Maces & Flails
   824 | D:3      | Reached skill level 2 in Polearms
   824 | D:3      | Reached skill level 2 in Staves
   824 | D:3      | Reached skill level 2 in Slings
   824 | D:3      | Reached skill level 2 in Bows
   824 | D:3      | Reached skill level 2 in Crossbows
   824 | D:3      | Reached skill level 2 in Throwing
   824 | D:3      | Reached skill level 2 in Armour
   824 | D:3      | Reached skill level 5 in Dodging
   824 | D:3      | Reached skill level 2 in Stealth
   824 | D:3      | Reached skill level 2 in Shields
   824 | D:3      | Reached skill level 2 in Evocations
   834 | Sewer    | Entered a sewer
   960 | Sewer    | Reached XP level 7. HP: 43/52 MP: 12/15
   964 | Sewer    | Reached skill level 7 in Unarmed Combat
  1029 | Sewer    | Reached ** piety under Cheibriados
  1042 | Sewer    | Reached skill level 2 in Conjurations
  1042 | Sewer    | Reached skill level 2 in Hexes
  1042 | Sewer    | Reached skill level 2 in Charms
  1042 | Sewer    | Reached skill level 2 in Summonings
  1042 | Sewer    | Reached skill level 2 in Necromancy
  1042 | Sewer    | Reached skill level 2 in Translocations
  1042 | Sewer    | Reached skill level 2 in Fire Magic
  1042 | Sewer    | Reached skill level 2 in Ice Magic
  1042 | Sewer    | Reached skill level 2 in Air Magic
  1042 | Sewer    | Reached skill level 2 in Earth Magic
  1042 | Sewer    | Reached skill level 2 in Poison Magic
  1247 | D:4      | Found a staircase to the Ecumenical Temple.
  1260 | D:5      | Entered Level 5 of the Dungeon
  1361 | D:4      | Reached skill level 3 in Invocations
  1371 | D:4      | Reached XP level 8. HP: 12/60 MP: 12/16
  1605 | D:7      | Reached *** piety under Cheibriados
  1627 | D:7      | Reached skill level 4 in Fighting
  1634 | D:7      | Reached skill level 3 in Short Blades
  1634 | D:7      | Reached skill level 3 in Long Blades
  1634 | D:7      | Reached skill level 3 in Axes
  1634 | D:7      | Reached skill level 3 in Maces & Flails
  1634 | D:7      | Reached skill level 3 in Polearms
  1634 | D:7      | Reached skill level 3 in Staves
  1634 | D:7      | Reached skill level 3 in Slings
  1634 | D:7      | Reached skill level 3 in Bows
  1634 | D:7      | Reached skill level 3 in Crossbows
  1634 | D:7      | Reached skill level 3 in Throwing
  1634 | D:7      | Reached skill level 3 in Armour
  1634 | D:7      | Reached skill level 3 in Stealth
  1634 | D:7      | Reached skill level 3 in Shields
  1634 | D:7      | Reached skill level 3 in Evocations
  1695 | D:6      | Reached skill level 6 in Spellcasting
  1707 | D:5      | Noticed Andry07's ghost (novice GrFi)
  1753 | D:5      | Killed Andry07's ghost
  1785 | D:5      | Reached skill level 3 in Conjurations
  1785 | D:5      | Reached skill level 3 in Hexes
  1785 | D:5      | Reached skill level 3 in Charms
  1785 | D:5      | Reached skill level 3 in Summonings
  1785 | D:5      | Reached skill level 3 in Necromancy
  1785 | D:5      | Reached skill level 3 in Translocations
  1785 | D:5      | Reached skill level 3 in Fire Magic
  1785 | D:5      | Reached skill level 3 in Ice Magic
  1785 | D:5      | Reached skill level 3 in Air Magic
  1785 | D:5      | Reached skill level 3 in Earth Magic
  1785 | D:5      | Reached skill level 3 in Poison Magic
  1785 | D:5      | Reached skill level 4 in Invocations
  1810 | D:5      | Reached skill level 6 in Dodging
  1810 | D:5      | Reached XP level 9. HP: 66/66 MP: 15/18
  1839 | D:5      | Reached skill level 5 in Transmutations
  1902 | D:7      | Noticed teukkam's ghost (novice GnWn)
  1914 | D:7      | Killed teukkam's ghost
  1914 | D:7      | Reached skill level 5 in Fighting
  1914 | D:7      | Reached skill level 4 in Short Blades
  1914 | D:7      | Reached skill level 4 in Long Blades
  1914 | D:7      | Reached skill level 4 in Axes
  1914 | D:7      | Reached skill level 4 in Maces & Flails
  1914 | D:7      | Reached skill level 4 in Polearms
  1914 | D:7      | Reached skill level 4 in Staves
  1914 | D:7      | Reached skill level 4 in Slings
  1914 | D:7      | Reached skill level 4 in Bows
  1914 | D:7      | Reached skill level 4 in Crossbows
  1914 | D:7      | Reached skill level 4 in Throwing
  1914 | D:7      | Reached skill level 4 in Armour
  1914 | D:7      | Reached skill level 4 in Stealth
  1914 | D:7      | Reached skill level 4 in Shields
  1914 | D:7      | Reached skill level 4 in Evocations
  1934 | D:7      | Reached **** piety under Cheibriados
  2040 | D:8      | Found Bimatyube's Distillery.
  2053 | D:8      | Bought a potion of resistance for 140 gold pieces
  2053 | D:8      | Bought a potion of lignification for 42 gold pieces
  2077 | D:8      | Reached skill level 8 in Unarmed Combat
  2131 | D:9      | Noticed a troll
  2138 | D:9      | Killed a troll
  2138 | D:9      | Reached skill level 5 in Invocations
  2215 | D:10     | Entered Level 10 of the Dungeon
  2241 | D:8      | Noticed a cyclops
  2253 | D:8      | Killed a cyclops
  2253 | D:8      | Reached skill level 7 in Spellcasting
  2253 | D:8      | Reached XP level 10. HP: 61/74 MP: 18/20
  2263 | D:8      | Learned a level 5 spell: Blade Hands
  2269 | D:9      | Reached skill level 4 in Conjurations
  2269 | D:9      | Reached skill level 4 in Hexes
  2269 | D:9      | Reached skill level 4 in Charms
  2269 | D:9      | Reached skill level 4 in Summonings
  2269 | D:9      | Reached skill level 4 in Necromancy
  2269 | D:9      | Reached skill level 4 in Translocations
  2269 | D:9      | Reached skill level 4 in Fire Magic
  2269 | D:9      | Reached skill level 4 in Ice Magic
  2269 | D:9      | Reached skill level 4 in Air Magic
  2269 | D:9      | Reached skill level 4 in Earth Magic
  2269 | D:9      | Reached skill level 4 in Poison Magic
  2457 | D:9      | Reached skill level 5 in Short Blades
  2457 | D:9      | Reached skill level 5 in Long Blades
  2457 | D:9      | Reached skill level 5 in Axes
  2457 | D:9      | Reached skill level 5 in Maces & Flails
  2457 | D:9      | Reached skill level 5 in Polearms
  2457 | D:9      | Reached skill level 5 in Staves
  2457 | D:9      | Reached skill level 5 in Slings
  2457 | D:9      | Reached skill level 5 in Bows
  2457 | D:9      | Reached skill level 5 in Crossbows
  2457 | D:9      | Reached skill level 5 in Throwing
  2457 | D:9      | Reached skill level 5 in Armour
  2457 | D:9      | Reached skill level 5 in Stealth
  2457 | D:9      | Reached skill level 5 in Shields
  2457 | D:9      | Reached skill level 5 in Evocations
  2623 | D:10     | Reached ***** piety under Cheibriados
  2638 | D:10     | Found Edosche's Gadget Shop.
  2668 | D:10     | Noticed Josephine
  2670 | D:10     | Reached skill level 7 in Dodging
  2675 | D:10     | Reached skill level 6 in Fighting
  2683 | D:10     | Killed Josephine
  2683 | D:10     | Reached skill level 6 in Transmutations
  2683 | D:10     | Reached skill level 6 in Invocations
  2724 | D:10     | Learned a level 4 spell: Ice Form
  2824 | D:11     | Reached XP level 11. HP: 68/82 MP: 14/22
  2863 | D:11     | Reached skill level 9 in Unarmed Combat
  2867 | D:11     | Reached skill level 6 in Short Blades
  2867 | D:11     | Reached skill level 6 in Long Blades
  2867 | D:11     | Reached skill level 6 in Axes
  2867 | D:11     | Reached skill level 6 in Maces & Flails
  2867 | D:11     | Reached skill level 6 in Polearms
  2867 | D:11     | Reached skill level 6 in Staves
  2867 | D:11     | Reached skill level 6 in Slings
  2867 | D:11     | Reached skill level 6 in Bows
  2867 | D:11     | Reached skill level 6 in Crossbows
  2867 | D:11     | Reached skill level 6 in Throwing
  2867 | D:11     | Reached skill level 6 in Armour
  2867 | D:11     | Reached skill level 6 in Stealth
  2867 | D:11     | Reached skill level 6 in Shields
  2867 | D:11     | Reached skill level 6 in Evocations
  2916 | D:11     | Noticed a cyan ugly thing
  2925 | D:11     | Killed a cyan ugly thing
  2925 | D:11     | Reached skill level 5 in Conjurations
  2925 | D:11     | Reached skill level 5 in Hexes
  2925 | D:11     | Reached skill level 5 in Charms
  2925 | D:11     | Reached skill level 5 in Summonings
  2925 | D:11     | Reached skill level 5 in Necromancy
  2925 | D:11     | Reached skill level 5 in Translocations
  2925 | D:11     | Reached skill level 5 in Fire Magic
  2925 | D:11     | Reached skill level 5 in Ice Magic
  2925 | D:11     | Reached skill level 5 in Air Magic
  2925 | D:11     | Reached skill level 5 in Earth Magic
  2925 | D:11     | Reached skill level 5 in Poison Magic
  2935 | D:11     | Reached skill level 8 in Spellcasting
  3004 | D:11     | Noticed a cyclops
  3010 | D:11     | Killed a cyclops
  3148 | D:11     | Noticed a two-headed ogre
  3152 | D:11     | Killed a two-headed ogre
  3226 | D:11     | Noticed a white ugly thing
  3229 | D:11     | Reached skill level 7 in Invocations
  3236 | D:11     | HP: 6/83 [white ugly thing (29)]
  3238 | D:11     | Killed a white ugly thing
  3238 | D:11     | Reached skill level 7 in Fighting
  3238 | D:11     | Reached skill level 8 in Dodging
  3386 | D:13     | Noticed an enchanted long sword
  3390 | D:13     | Noticed an enchanted long sword
  3402 | D:12     | Killed an enchanted long sword
  3402 | D:12     | Killed an enchanted long sword
  3417 | D:13     | Found a gate to the Vaults.
  3446 | D:13     | Noticed Urug
  3449 | D:13     | Noticed a manticore
  3454 | D:13     | Killed a manticore
  3454 | D:13     | Reached XP level 12. HP: 81/91 MP: 24/24
  3456 | D:13     | Killed Urug
  3490 | D:13     | Noticed a two-headed ogre
  3497 | D:13     | Killed a two-headed ogre
  3497 | D:13     | Reached skill level 7 in Transmutations
  3531 | D:14     | Reached skill level 7 in Short Blades
  3531 | D:14     | Reached skill level 7 in Long Blades
  3531 | D:14     | Reached skill level 7 in Axes
  3531 | D:14     | Reached skill level 7 in Maces & Flails
  3531 | D:14     | Reached skill level 7 in Polearms
  3531 | D:14     | Reached skill level 7 in Staves
  3531 | D:14     | Reached skill level 7 in Slings
  3531 | D:14     | Reached skill level 7 in Bows
  3531 | D:14     | Reached skill level 7 in Crossbows
  3531 | D:14     | Reached skill level 7 in Throwing
  3531 | D:14     | Reached skill level 7 in Armour
  3531 | D:14     | Reached skill level 7 in Stealth
  3531 | D:14     | Reached skill level 7 in Shields
  3531 | D:14     | Reached skill level 7 in Evocations
  3709 | D:12     | Noticed a seven-headed hydra
  3714 | D:12     | Killed a seven-headed hydra
  3730 | D:12     | Found a staircase to the Orcish Mines.
  3752 | D:12     | Reached skill level 6 in Conjurations
  3752 | D:12     | Reached skill level 6 in Hexes
  3752 | D:12     | Reached skill level 6 in Charms
  3752 | D:12     | Reached skill level 6 in Summonings
  3752 | D:12     | Reached skill level 6 in Necromancy
  3752 | D:12     | Reached skill level 6 in Translocations
  3752 | D:12     | Reached skill level 6 in Fire Magic
  3752 | D:12     | Reached skill level 6 in Ice Magic
  3752 | D:12     | Reached skill level 6 in Air Magic
  3752 | D:12     | Reached skill level 6 in Earth Magic
  3752 | D:12     | Reached skill level 6 in Poison Magic
  3826 | Orc:1    | Entered Level 1 of the Orcish Mines
  3866 | Orc:2    | Entered Level 2 of the Orcish Mines
  3904 | Orc:1    | Noticed Erica
  3911 | Orc:1    | Killed Erica
  3911 | Orc:1    | Reached skill level 9 in Spellcasting
  3911 | Orc:1    | Reached skill level 8 in Invocations
  3972 | Orc:1    | Found Xeonacw's Weapon Boutique.
  4039 | Orc:2    | Found Keraics's Magic Scroll Boutique.
  4045 | Orc:2    | Found a staircase to the Elven Halls.
  4064 | Orc:2    | Bought a scroll of brand weapon for 300 gold pieces
  4064 | Orc:2    | Bought a scroll of magic mapping for 52 gold pieces
  4065 | Orc:2    | Bought a scroll of remove curse for 45 gold pieces
  4065 | Orc:2    | Bought a scroll of fog for 30 gold pieces
  4065 | Orc:2    | Bought a scroll of blinking for 112 gold pieces
  4068 | Orc:2    | Noticed a stone giant
  4069 | Orc:2    | Found Meoheb's General Store.
  4081 | Orc:2    | Killed a stone giant
  4081 | Orc:2    | Reached skill level 8 in Fighting
  4081 | Orc:2    | Reached skill level 10 in Unarmed Combat
  4147 | Orc:2    | Found Onitix's Book Shoppe.
  4147 | Orc:2    | Noticed an ettin
  4173 | Orc:2    | Reached skill level 9 in Dodging
  4193 | Orc:2    | Killed an ettin
  4193 | Orc:2    | Reached XP level 13. HP: 40/98 MP: 11/26
  4199 | Orc:2    | Bought a book of Necromancy for 330 gold pieces
  4203 | Orc:2    | Learned a level 3 spell: Regeneration
  4209 | Orc:2    | Learned a level 5 spell: Borgnjor's Vile Clutch
  4234 | Orc:2    | Noticed an ettin
  4242 | Orc:2    | Found Arphaegit's Antique Armour Boutique.
  4252 | Orc:2    | Killed an ettin
  4258 | Orc:2    | Learned a level 1 spell: Animate Skeleton
  4263 | Orc:2    | Learned a level 4 spell: Animate Dead
  4340 | Orc:1    | Found a bloodstained altar of Trog.
  4811 | D:10     | Found a staircase to the Lair.
  4835 | Lair:1   | Entered Level 1 of the Lair of Beasts
  4845 | Lair:1   | Got a pitted leather armour
  4866 | Lair:2   | Reached skill level 8 in Short Blades
  4866 | Lair:2   | Reached skill level 8 in Long Blades
  4866 | Lair:2   | Reached skill level 8 in Axes
  4866 | Lair:2   | Reached skill level 8 in Maces & Flails
  4866 | Lair:2   | Reached skill level 8 in Polearms
  4866 | Lair:2   | Reached skill level 8 in Staves
  4866 | Lair:2   | Reached skill level 8 in Slings
  4866 | Lair:2   | Reached skill level 8 in Bows
  4866 | Lair:2   | Reached skill level 8 in Crossbows
  4866 | Lair:2   | Reached skill level 8 in Throwing
  4866 | Lair:2   | Reached skill level 8 in Armour
  4866 | Lair:2   | Reached skill level 8 in Stealth
  4866 | Lair:2   | Reached skill level 8 in Shields
  4866 | Lair:2   | Reached skill level 8 in Evocations
  4945 | Lair:2   | Reached ****** piety under Cheibriados
  5022 | Lair:2   | Reached skill level 9 in Invocations
  5127 | Lair:3   | Noticed Rupert
  5161 | Lair:3   | Paralysed by Rupert for 3 turns
  5168 | Lair:3   | Killed Rupert
  5168 | Lair:3   | Reached skill level 8 in Transmutations
  5244 | Lair:5   | Reached skill level 7 in Conjurations
  5244 | Lair:5   | Reached skill level 7 in Hexes
  5244 | Lair:5   | Reached skill level 7 in Charms
  5244 | Lair:5   | Reached skill level 7 in Summonings
  5244 | Lair:5   | Reached skill level 7 in Necromancy
  5244 | Lair:5   | Reached skill level 7 in Translocations
  5244 | Lair:5   | Reached skill level 7 in Fire Magic
  5244 | Lair:5   | Reached skill level 7 in Ice Magic
  5244 | Lair:5   | Reached skill level 7 in Air Magic
  5244 | Lair:5   | Reached skill level 7 in Earth Magic
  5244 | Lair:5   | Reached skill level 7 in Poison Magic
  5252 | Lair:6   | Entered Level 6 of the Lair of Beasts
  5377 | Lair:6   | Noticed a dire elephant
  5381 | Lair:6   | Reached skill level 9 in Fighting
  5388 | Lair:6   | Killed a dire elephant
  5388 | Lair:6   | Reached skill level 10 in Spellcasting
  5388 | Lair:6   | Reached XP level 14. HP: 64/108 MP: 3/28
  5665 | Lair:3   | Found a hole to the Spider Nest.
  5691 | Lair:3   | Identified the +0 leather armour "Qeeceom" {rElec Str+7} (You found it on level 1 of the Lair of Beasts)
  5702 | Spider:1 | Entered Level 1 of the Spider Nest
  5737 | Spider:2 | Reached skill level 10 in Dodging
  5742 | Spider:3 | Noticed an emperor scorpion
  5742 | Spider:3 | Noticed an entropy weaver
  5752 | Spider:3 | Killed an entropy weaver
  5753 | Spider:3 | Noticed Kirke
  5756 | Spider:2 | Reached skill level 11 in Unarmed Combat
  5756 | Spider:2 | HP: 8/108 [emperor scorpion (4)]
  5757 | Spider:2 | HP: 1/108 [jumping spider (13)]
  5757 | Spider:2 | Annihilated by an emperor scorpion

Skill      XL: |  1  2  3  4  5  6  7  8  9 10 11 12 13 14 |
---------------+-------------------------------------------+-----
Spellcasting   | 5 6 7 8 9 10 | 10.2
Invocations    | 1 2 3 4 5 6 7 8 9 |  9.7
Fighting       | 3 4 5 6 7 8 9 |  9.3
Short Blades   | 1 2 3 4 5 6 7 8 |  8.9
Long Blades    | 1 2 3 4 5 6 7 8 |  8.9
Axes           | 1 2 3 4 5 6 7 8 |  8.9
Maces & Flails | 1 2 3 4 5 6 7 8 |  8.9
Polearms       | 1 2 3 4 5 6 7 8 |  8.9
Staves         | 1 2 3 4 5 6 7 8 |  8.9
Slings         | 1 2 3 4 5 6 7 8 |  8.9
Bows           | 1 2 3 4 5 6 7 8 |  8.9
Crossbows      | 1 2 3 4 5 6 7 8 |  8.9
Throwing       | 1 2 3 4 5 6 7 8 |  8.9
Armour         | 1 2 3 4 5 6 7 8 |  8.9
Stealth        | 1 2 3 4 5 6 7 8 |  8.9
Shields        | 1 2 3 4 5 6 7 8 |  8.9
Conjurations   | 1 2 3 4 5 6 7 |  7.4
Hexes          | 1 2 3 4 5 6 7 |  7.4
Charms         | 1 2 3 4 5 6 7 |  7.4
Summonings     | 1 2 3 4 5 6 7 |  7.4
Necromancy     | 1 2 3 4 5 6 7 |  7.4
Translocations | 1 2 3 4 5 6 7 |  7.4
Transmutations | 4 5 6 7 8 |  8.4
Fire Magic     | 1 2 3 4 5 6 7 |  7.4
Ice Magic      | 1 2 3 4 5 6 7 |  7.4
Air Magic      | 1 2 3 4 5 6 7 |  7.4
Earth Magic    | 1 2 3 4 5 6 7 |  7.4
Poison Magic   | 1 2 3 4 5 6 7 |  7.4
Evocations     | 1 2 3 4 5 6 7 8 |  8.9
Dodging        | 5 6 7 8 9 10 | 10.0
Unarmed Combat | 7 8 9 10 11 | 11.0

Action                   |  1- 3 |  4- 6 |  7- 9 | 10-12 | 13-15 || total
-------------------------+-------+-------+-------+-------+-------++-------
Melee: Unarmed           |    64 |    36 |   196 |   277 |     5 ||   578
       Kick              |     7 |       |       |       |       ||     7
       Headbutt          |     1 |       |       |       |       ||     1
       Bite              |     2 |       |     1 |    63 |    37 ||   103
       Dagger            |       |       |     5 |    37 |    11 ||    53
       Punch             |       |       |     1 |    20 |    12 ||    33
       Demon trident     |       |       |       |       |   136 ||   136
 Fire: Blowgun           |       |     6 |       |       |       ||     6
Throw: Javelin           |     3 |       |       |     1 |     3 ||     7
 Cast: Beastly Appendage |    20 |       |       |       |       ||    20
       Sticks to Snakes  |     6 |     5 |    16 |    28 |     7 ||    62
       Spider Form       |     1 |     8 |    27 |     5 |       ||    41
       Blade Hands       |       |       |       |    30 |     1 ||    31
       Borgnjor's Vile C |       |       |       |       |    31 ||    31
       Animate Skeleton  |       |       |       |       |     5 ||     5
       Animate Dead      |       |       |       |       |     3 ||     3
       Regeneration      |       |       |       |       |     1 ||     1
Invok: Slouch            |       |       |       |     6 |     4 ||    10
       Temporal Distorti |       |       |       |     4 |       ||     4
       Bend Time         |       |       |       |     1 |       ||     1
 Abil: End Transformatio |       |       |     2 |     4 |       ||     6
Evoke: Wand              |       |       |       |    23 |    11 ||    34
  Use: Potion            |     5 |     1 |     4 |     3 |     2 ||    15
       Scroll            |     2 |       |     5 |     9 |     3 ||    19
 Stab: Sleeping          |     2 |       |     6 |     9 |    10 ||    27
       Distracted        |     1 |       |     4 |     4 |     4 ||    13
       Paralysed         |       |       |       |     4 |       ||     4
       Confused          |       |       |       |     1 |       ||     1
  Eat: Ration            |     1 |       |     1 |     1 |       ||     3
       Chunk             |       |       |       |     4 |     6 ||    10
Armor: Robe              |     4 |       |       |       |       ||     4
       Skin              |       |    20 |     6 |       |       ||    26
       Troll leather arm |       |       |       |    48 |    48 ||    96
Dodge: Dodged            |    41 |    49 |   226 |   306 |   201 ||   823

Table legend:
 A = Turns spent in this place as a percentage of turns spent in the entire game.
 B = Non-inter-level travel turns spent in this place as a percentage of non-inter-level travel turns spent in the entire game.
 C = Inter-level travel turns spent in this place as a percentage of turns spent in this place.
 D = Turns resting spent in this place as a percentage of non-inter-level travel turns spent in this place.
 E = Turns spent auto-exploring this place as a percentage of non-inter-level travel turns spent in this place.
 F = Non-inter-level travel turns spent in this place divided by the number of levels of this place that you've seen.
                   A       B       C       D       E      F
               +-------+-------+-------+-------+-------+----------------------
         Total | 100.0 | 100.0 |   1.3 |   0.0 |   0.0 | 218.7
       Dungeon |  69.7 |  69.4 |   1.6 |   0.0 |   0.0 | 281.9
          Lair |  15.1 |  15.3 |   0.0 |   0.0 |   0.0 | 144.5
   Spider Nest |   1.0 |   1.0 |   0.0 |   0.0 |   0.0 |  18.3
  Orcish Mines |  10.3 |  10.3 |   1.3 |   0.0 |   0.0 | 292.5
         Sewer |   4.0 |   4.1 |   0.0 |   0.0 |   0.0 | 232.0
               +-------+-------+-------+-------+-------+----------------------

Table legend:
 A = Kills in this place as a percentage of kills in entire the game.
 B = Kills by you in this place as a percentage of kills by you in the entire game.
 C = Kills by friends in this place as a percentage of kills by friends in the entire game.
 D = Other kills in this place as a percentage of other kills in the entire game.
 E = Experience gained in this place as a percentage of experience gained in the entire game.
 F = Experience gained in this place divided by the number of levels of this place that you have seen.
                   A       B       C       D       E      F
               +-------+-------+-------+-------+-------+----------------------
         Total | 100.0 | 100.0 | 100.0 | 100.0 | 100.0 | 2436.0
       Dungeon |  60.0 |  61.4 |  43.2 | 100.0 |  41.0 | 1853.6
          Lair |  21.9 |  19.6 |  48.6 |   0.0 |  34.6 | 3650.3
   Spider Nest |   2.7 |   3.0 |   0.0 |   0.0 |   7.7 | 1620.3
  Orcish Mines |  10.0 |  10.1 |   8.1 |   0.0 |  16.2 | 5142.5
         Sewer |   5.4 |   5.9 |   0.0 |   0.0 |   0.5 | 337.0
               +-------+-------+-------+-------+-------+----------------------

Vault maps used:
D:1:      minmay_arrival_diagonal_passages, roderic_lattice_a,
          minmay_misc_feat_columns
D:2:      nicolae_overflow_hidden_temple, first_ration, serial_bayou_ford_a
D:3:      gammafunk_temple_overflow_pools, portal_sewer_entry_a, uniq_sigmund
D:4:      temple_statues, led_sif_pool, uniq_duvessa
D:5:      minmay_diamond_boxcup
D:6:      lemuel_flame_loot_1
D:7:      the_bakery
D:8:      serial_shops, shop, st_stairs_10, hangedman_decor_points,
          makhleb_heckhound_becter
D:9:      minmay_misc_feat_plants, kennysheep_nub
D:10:     erik_lair_dragon, serial_shops, shop, nrook_mini_vaults,
          nrook_loot_triangle, uniq_josephine
D:12:     erik_orc_1
D:13:     erik_vaults_1, uniq_urug
D:14:     serial_shops, nicolae_shop_stone, lemuel_mausoleum_altar_yredelemnul
Lair:2:   minmay_lair_oklob_chamber
Lair:3:   elwin_shoals_entry_rooms, spider_nest_entry_a, minmay_lindwurm_lava,
          uniq_rupert
Lair:5:   minmay_slime_entry_oklob_enclosed
Lair:6:   wormcave, guppyfry_lair_end_dragon, minmay_hedge_maze,
          grunt_forest_large_clearings
Spider:1: nicolae_spider_mines_2, hangedman_spider_tarantella_strand
Spider:2: spiders_nest_scorpion_pit, uniq_donald, uniq_arachne
Spider:3: spider_trap, uniq_kirke
Orc:1:    serial_shops, nicolae_shop_waterfront, trog_book, uniq_erica
Orc:2:    grunt_orc_gardens, grunt_orc_garden, grunt_orc_garden,
          grunt_orc_garden, grunt_orc_garden, serial_shops, shop_coins
Sewer:    kennysheep_pipe_town
